 Dungeon Crawl Stone Soup version 0.32-a0-607-g64ea0e4219 (webtiles) character file.

Game seed: 26446333920645979

5594 jasper the Fighter (level 10, 0/71 (80) HPs)
             Began as a Demonspawn Cinder Acolyte on Mar 3, 2024.
             Was an Initiate of Ignis.
             Slain by a wight
             ... wielding a +4 spear
              (6 damage)
             ... on level 9 of the Dungeon.
             The game lasted 00:17:24 (11265 turns).

jasper the Fighter (Demonspawn Cinder Acolyte)     Turns: 11265, Time: 00:17:25

HP:   0/71 (80)     AC: 12    Str: 15    XL:     10   Next: 45%
MP:   10/11         EV:  9    Int: 18    God:    Ignis [......]
Gold: 231           SH:  4    Dex:  9    Spells: 8/11 levels left

rFire   + + .        a - +4 trident
rCold   . . .        w - +0 buckler
rNeg    . . .        k - +0 ring mail
rPois   .            (helmet restricted)
rElec   .            l - +2 cloak
rCorr   +            (no gloves)
SInv    .            D - +0 pair of boots
Will    .....        p - amulet of the acrobat Stlth
                     I - ring of protection from fire
HPRegen 0.31/turn    N - ring of resist corrosion
MPRegen 0.12/turn

%: acrobat
@: heavily drained
A: horns 2, yellow scales 2, powered by death 1
a: Renounce Religion, Rising Flame


You were on level 9 of the Dungeon.
You worshipped Ignis.
Ignis was noncommittal.
You visited 1 branch of the dungeon, and saw 9 of its levels.

You collected 451 gold pieces.
You spent 220 gold pieces at shops.

Inventory:

Hand Weapons
 a - a +4 trident (weapon)
 y - a +0 vampiric trident
Missiles
 e - 79 stones (quivered)
 n - 14 poisoned darts
Armour
 b - a +0 robe
 c - a +0 leather armour
 i - a +0 chain mail
 k - a +0 ring mail (worn)
 l - a +2 cloak (worn)
 w - a +0 buckler (worn)
 D - a +0 pair of boots (worn)
 G - a +0 kite shield
 K - a +2 scale mail of fire resistance
Jewellery
 j - an amulet of faith
 p - an amulet of the acrobat (around neck)
 t - an amulet of guardian spirit
 A - a ring of flight
 I - a ring of protection from fire (left hand)
 N - a ring of resist corrosion (right hand)
Wands
 h - a wand of polymorph (17)
Scrolls
 d - a scroll of identify
 o - 2 scrolls of teleportation
 v - 3 scrolls of blinking
 B - a scroll of enchant weapon
 L - a scroll of poison
Potions
 f - 2 potions of cancellation
 g - a potion of degeneration {unknown}
 m - a potion of ambrosia
 r - 4 potions of curing
 s - 2 potions of heal wounds
 u - a potion of invisibility
 C - 2 potions of haste
 E - 3 potions of enlightenment {unknown}
 H - 2 potions of magic {unknown}
 J - 3 potions of might {unknown}
 M - 2 potions of attraction {unknown}


   Skills:
 - Level 8.0 Fighting
 - Level 2.6 Maces & Flails
 + Level 7.7 Polearms
 - Level 4.1 Shields
 - Level 1.0 Spellcasting
 - Level 8.0 Summonings
 - Level 2.6 Fire Magic
 - Level 5.1 Ice Magic


You had 8 spell levels left.
You knew the following spells:

 Your Spells              Type           Power      Damage    Failure   Level
b - Summon Ice Beast      Ice/Summ       24%        N/A       11%         3

Your spell library contained the following spells:

 Spells                   Type           Power      Damage    Failure   Level
 Scorch                   Fire           20%        2d5       26%         2
 Apportation              Tloc           0%         N/A       45%         1
 Hailstorm                Conj/Ice       10%        3d6       50%         3
 Jinxbite                 Hex            0%         N/A       61%         2
 Volatile Blastmotes      Fire/Tloc      10%        2d10      65%         3
 Dazzling Flash           Conj/Hex       0%         N/A       83%         3
 Alistair's Intoxication  Alch           0%         N/A       100%        5
 Sculpt Simulacrum        Ice/Alch       5%         N/A       100%        6
 Starburst                Conj/Fire      2%         6d3       100%        6
 Maxwell's Capacitive Co  Air            0%         ∞         100%        8


Dungeon Overview and Level Annotations

Branches:
Dungeon (9/15)             Temple (0/1) D:6
   Lair: D:8-11         Orc: D:9-12

Altars:
Ashenzari
Hepliaklqana
Sif Muna

Shops:
D:4 ?   D:5 :

Annotations:
D:3 3 runed translucent doors, Sabo's ghost, amateur CoAr
D:9 Amaemon


Innate Abilities, Weirdness & Mutations

You have a pair of horns on your head.
You are mostly covered in yellow scales. (AC +3)
You regenerate a little health from kills.


Message History

You reach to attack!
You hit the wight.
The wight is severely damaged.
Your ice beast hits the wight but does no damage.
The wight hits you from afar with a +4 spear.
* * * LOW HITPOINT WARNING * * *
You feel drained.
* * * LOW HITPOINT WARNING * * *
You take 2 damage, and have 12/71 hp.
Reach: a) +4 trident
Press: ? - help, Dir - move target, f/p - wight
Aim: a wight, wielding a +4 spear and wearing a +0 robe (severely damaged, ally target, about 34% to evade your +4 trident)
You reach to attack!
You barely miss the wight.
The wight is severely damaged.
Your ice beast hits the wight but does no damage.
The wight hits you from afar with a +4 spear.
* * * LOW HITPOINT WARNING * * *
You take 5 damage, and have 7/71 hp.
Reach: a) +4 trident
Press: ? - help, Dir - move target, f/p - wight
Aim: a wight, wielding a +4 spear and wearing a +0 robe (severely damaged, ally target, about 34% to evade your +4 trident)
You could not reach far enough!
Your ice beast hits the wight but does no damage.
The wight hits your ice beast with a +4 spear.
Reach: a) +4 trident
Press: ? - help, Dir - move target, f/p - wight
Aim: a wight, wielding a +4 spear and wearing a +0 robe (severely damaged, not watching you, ally target, about 34% to evade your +4 trident)
You reach to attack!
You closely miss the wight.
The wight is severely damaged.
Your ice beast barely misses the wight.
The wight hits you from afar with a +4 spear.
* * * LOW HITPOINT WARNING * * *
You take 2 damage, and have 6/71 hp.
Reach: a) +4 trident
Press: ? - help, Dir - move target, f/p - wight
Aim: a wight, wielding a +4 spear and wearing a +0 robe (severely damaged, ally target, about 34% to evade your +4 trident)
You could not reach far enough!
Your ice beast hits the wight.
Your ice beast freezes the wight.
The wight resists.
The wight hits you from afar with a +4 spear.
You die...
Ignis goes out, and joins you in death.

#..........#
#..........#
#..........#
#..?......)#
#....).....#
#..........#
#....zY....#
#....))@...#
#..........#
#..........#
#..........#
############


You could see a wight (ally target) and a friendly ice beast (summoned).

Vanquished Creatures
  Maurice (D:7)
  Joseph (D:8)
  A komodo dragon (D:8)
  Grum (D:8)
  A steam dragon (D:7)
  A naga (D:5)
  A water moccasin (D:6)
  2 ogres
  An ice beast (D:7)
  3 wolves (D:8)
  A phantom (D:4)
  2 bullfrogs
  2 gnoll sergeants (D:5)
  3 scorpions
  3 wights (D:9)
  Dowan (D:5)
  3 killer bees (D:8)
  3 howler monkeys
  3 hounds
  A bombardier beetle (D:6)
  3 orc priests
  A gnoll bouda (D:5)
  A jelly (D:5)
  Crazy Yiuf (D:2)
  Jessica (D:3)
  Natasha (thrice) (D:2)
  Terence (D:3)
  5 iguanas
  4 orc wizards
  8 adders
  27 gnolls
  3 ribbon worms
  3 dart slugs
  44 orcs
  10 ball pythons
  5 endoplasms
  3 giant cockroaches
  11 hobgoblins
  15 jackals
  8 kobolds
  4 quokkas
  4 bats
  4 frilled lizards
  5 goblins
  7 rats
216 creatures vanquished.

Vanquished Creatures (collateral kills)
  Erica (D:8)
  Prince Ribbit (D:8)
  An orc warrior (D:8)
  An ice beast (D:6)
  A sky beast (D:7)
  A black bear (D:7)
  A wolf (D:8)
  A kobold brigand (D:6)
  A gnoll sergeant (D:8)
  2 killer bees (D:8)
  A hound (D:6)
  2 jellies
  A gnoll bouda (D:5)
  An orc priest (D:6)
  An orc wizard (D:6)
  7 orcs
  5 kobolds (D:6)
29 creatures vanquished.

Grand Total: 245 creatures vanquished

Notes
Turn   | Place    | Note
-------+----------+-------------------------------------------
     0 | D:1      | jasper the Demonspawn Cinder Acolyte began the quest for
                  | the Orb.
     0 | D:1      | Reached XP level 1. HP: 18/18 MP: 2/2
   374 | D:1      | Gained mutation: You regenerate a little health from kills.
                  | [demonic ancestry]
   374 | D:1      | Reached XP level 2. HP: 24/24 MP: 3/3
   448 | D:1      | Learned a level 2 spell: Scorch
  1228 | D:2      | Gained mutation: You are partially covered in yellow
                  | scales. (AC +2) [demonic ancestry]
  1228 | D:2      | Reached XP level 3. HP: 28/30 MP: 1/4
  1710 | D:2      | Noticed Natasha
  1723 | D:2      | Killed Natasha
  1724 | D:2      | Reached XP level 4. HP: 33/38 MP: 1/5
  1767 | D:2      | Noticed Natasha
  1777 | D:2      | Killed Natasha
  1778 | D:2      | Reached skill level 5 in Fighting
  2136 | D:2      | Noticed Natasha
  2150 | D:2      | Killed Natasha
  2340 | D:2      | Found a runed translucent door.
  2341 | D:2      | Noticed Crazy Yiuf
  2581 | D:2      | Killed Crazy Yiuf
  2582 | D:2      | Reached XP level 5. HP: 13/46 MP: 1/6
  2977 | D:3      | Learned a level 3 spell: Summon Ice Beast
  3223 | D:3      | Found a runed translucent gate.
  3223 | D:3      | Found a runed translucent gate.
  3223 | D:3      | Found a runed translucent gate.
  3228 | D:3      | Noticed Sabo's ghost (amateur CoAr)
  3442 | D:3      | Noticed Terence
  3447 | D:3      | Killed Terence
  3556 | D:3      | Noticed Jessica
  3559 | D:3      | Killed Jessica
  3560 | D:3      | Gained mutation: You are mostly covered in yellow scales.
                  | (AC +3) [demonic ancestry]
  3560 | D:3      | Reached XP level 6. HP: 53/53 MP: 0/7
  4516 | D:4      | Found Ysocibah's Magic Scroll Shoppe.
  4524 | D:4      | Bought a scroll of blinking for 97 gold pieces
  4756 | D:5      | Entered Level 5 of the Dungeon
  5191 | D:5      | Reached XP level 7. HP: 37/62 MP: 2/8
  5202 | D:5      | Reached skill level 1 in Summonings
  5202 | D:5      | Reached skill level 1 in Ice Magic
  5715 | D:5      | Reached XP level 8. HP: 68/68 MP: 9/9
  5973 | D:4      | Bought a scroll of brand weapon for 123 gold pieces
  6259 | D:5      | Noticed Duvessa
  6265 | D:5      | Noticed Dowan
  6272 | D:5      | Duvessa changed into Duvessa the naga
  6272 | D:5      | Noticed Duvessa
  6275 | D:5      | Killed Duvessa the naga
  6280 | D:5      | Killed Dowan
  6281 | D:5      | Reached skill level 5 in Summonings
  6604 | D:5      | Found Qeuheito's Self-Published Books.
  7090 | D:6      | Reached skill level 5 in Ice Magic
  7326 | D:6      | Found a shimmering blue altar of Sif Muna.
  7486 | D:6      | Found a staircase to the Ecumenical Temple.
  7646 | D:6      | Gained mutation: You have a pair of small horns on your
                  | head. [demonic ancestry]
  7646 | D:6      | Reached XP level 9. HP: 61/74 MP: 8/10
  7687 | D:6      | Found a hazy altar of Hepliaklqana.
  7839 | D:6      | Reached skill level 1 in Shields
  8564 | D:7      | Found a broken altar of Ashenzari.
  9217 | D:7      | Noticed Maurice
  9271 | D:7      | Maurice stole a ring of protection from fire
  9273 | D:7      | Maurice stole a +4 short sword
  9278 | D:7      | Killed Maurice
  9562 | D:8      | Noticed Erica
  9567 | D:8      | Noticed Grum
  9591 | D:8      | Killed Erica
  9592 | D:8      | Reached skill level 5 in Polearms
  9592 | D:8      | Gained mutation: You have a pair of horns on your head.
                  | [demonic ancestry]
  9592 | D:8      | Reached XP level 10. HP: 36/80 MP: 7/11
  9592 | D:8      | Noticed Joseph
  9611 | D:8      | Killed Grum
  9625 | D:8      | Killed Joseph
 10442 | D:8      | Noticed Prince Ribbit
 10477 | D:8      | Killed Prince Ribbit
 11107 | D:9      | Noticed Amaemon
 11108 | D:9      | Noticed an orange demon
 11265 | D:9      | Slain by a wight

Illustrated notes

Levels and vault maps discovered:
D:1:      dpeg_arrival_round_b, layout_basic
D:2:      layout_basic, dreamdust_princess_corridor, minmay_stone_trees_small,
          uniq_crazy_yiuf_cottage, uniq_natasha
D:3:      minmay_diamond_boxcup, layout_loops_corners,
          gammafunk_ghost_nasty_kobolds, minmay_misc_feat_roman, uniq_terence,
          uniq_jessica
D:4:      layout_rooms, nicolae_stop_n_shop_2
D:5:      lemuel_castle_with_subvaults [lemuel_castle_interior_carwin_2],
          layout_basic, nicolae_zen_rock_garden, nicolae_custom_books,
          uniq_duvessa
D:6:      layout_loops_corners, nicolae_sif_muna_condensation,
          nicolae_hepliaklqana_hippocampus, minmay_temple_entry_purple_smoke,
          eino_tiny_chamber
D:7:      layout_loops_cross, ashenzari_conservatory_becter,
          grunt_ministairs_12, uniq_maurice
D:8:      layout_loops_corners, uniq_joseph, uniq_prince_ribbit1, uniq_grum,
          uniq_erica
D:9:      layout_long_grid, overflow_temple_1_default, david_lair_shrubbed,
          minivault_7, uniq_amaemon, uniq_maggie

Skill      XL: |  1  2  3  4  5  6  7  8  9 10 |
---------------+-------------------------------+-----
Fighting       | 4 5 6 8 |  8.0
Summonings     | 3 7 8 |  8.0
Ice Magic      | 3 5 |  5.1
Shields        | 4 |  4.1
Polearms       | 5 7 |  7.7
Maces & Flails | |  2.6
Spellcasting   | |  1.0
Fire Magic     | |  2.6

Action                     |  1- 3 |  4- 6 |  7- 9 | 10-12 || total
---------------------------+-------+-------+-------+-------++-------
  Melee: Mace              |    89 |   159 |   138 |       ||   386
         Trident           |       |       |   251 |   138 ||   389
         Headbutt          |       |       |    23 |    24 ||    47
  Throw: Stone             |     8 |     3 |       |       ||    11
   Cast: Scorch            |    17 |    44 |     5 |       ||    66
         Summon Ice Beast  |       |       |    18 |     9 ||    27
 Invoke: Fiery Armour      |     1 |     3 |     8 |     1 ||    13
  Evoke: Wand              |       |       |     1 |       ||     1
    Use: Scroll            |       |    11 |     6 |       ||    17
         Potion            |       |       |       |     1 ||     1
   Stab: Distracted        |       |       |     3 |       ||     3
 Armour: Robe              |    11 |       |       |       ||    11
         Leather armour    |    27 |       |       |       ||    27
         Ring mail         |    18 |   129 |   347 |   121 ||   615
  Dodge: Dodged            |    60 |   117 |   271 |    54 ||   502
  Block: Buckler           |       |       |    19 |    42 ||    61

Table legend: (Time is in decaauts)
 A = Elapsed time spent in this place.
 B = Non-inter-level travel time spent in this place.
 C = Inter-level travel time spent in this place.
 D = Time resting spent in this place.
 E = Time spent auto-exploring this place.
 F = Levels seen in this place.
 G = Mean time per level.
                   A        B        C        D        E       F      G
               +--------+--------+--------+--------+--------+-----+--------+
         Total |  11459 |  11049 |    410 |    506 |   8257 |   9 | 1273.2 |
       Dungeon |  11459 |  11049 |    410 |    506 |   8257 |   9 | 1273.2 |
               +--------+--------+--------+--------+--------+-----+--------+

Top non-repeatable levels by time:
     D:5: 2407 daAuts
     D:8: 1749 daAuts
     D:3: 1524 daAuts
     D:2: 1479 daAuts
     D:6: 1296 daAuts
     D:1: 1213 daAuts
     D:7: 1149 daAuts
     D:4: 596 daAuts
     D:9: 42 daAuts
